 Dungeon Crawl Stone Soup version 0.20.0-8-g6b59dc7 (webtiles) character file.

8323 Manul the Covert (level 11, -6/112 HPs)
             Began as an Octopode Transmuter on May 29, 2017.
             Was an Initiate of Gozag.
             Mangled by a gnoll sergeant
             ... wielding a +0 spear
              (7 damage)
             ... on level 10 of the Dungeon on May 30, 2017.
             The game lasted 00:13:55 (9445 turns).

Manul the Covert (Octopode Transmuter)              Turns: 9445, Time: 00:13:55

Health: -6/112     AC:  6    Str: 14    XL:     11   Next: 29%
Magic:  20/20      EV: 18    Int: 16    God:    Gozag
Gold:   564        SH:  4    Dex: 16    Spells: 11/22 levels left

rFire    + . .     SeeInvis .   d - +4 hand axe (elec)
rCold    + . .     Gourm    .   (no shield)
rNeg     . . .     Faith    .   G - +2 hat
rPois    +         Spirit   .   l - +4 amulet of reflection
rElec    +         Reflect  +   q - +3 ring of protection
rCorr    +         Harm     .   t - ring of protection from magic
MR       +....                  (no ring)
Stlth    ..........             (no ring)
Regen    0.3/turn               (no ring)
MPRegen  0.2/turn               (no ring)
                                (no ring)
                                (no ring)

@: berserking, lethally poisoned (-6 -> -6), resistant, gold aura, hasted and
slowed, drained
A: almost no armour, stealthy swim, amphibious, 8 rings, constrict 8, camouflage
1, gelatinous body 1
a: Potion Petition, Call Merchant, Bribe Branch, Renounce Religion


You were on level 10 of the Dungeon.
You worshipped Gozag.
Gozag was pleased with you.
You were very hungry.

You visited 1 branch of the dungeon, and saw 10 of its levels.

You collected 1386 gold pieces.
You paid 822 gold pieces to Gozag.

Inventory:

Hand Weapons
 d - a +4 hand axe of electrocution (weapon)
Missiles
 a - 127 arrows
Armour
 F - a +1 shield
 G - a +2 hat (worn)
Jewellery
 k - an uncursed amulet of guardian spirit {unknown}
 l - a +4 amulet of reflection (around mantle)
 q - a +3 ring of protection (left tentacle)
 t - a ring of protection from magic (right tentacle)
Wands
 p - a wand of digging (11/24)
 v - a wand of lightning (8/15)
 y - a wand of acid (3/15)
 A - a wand of random effects (14/48)
Scrolls
 h - a scroll of random uselessness {unknown}
 i - a scroll of enchant weapon
 n - a scroll of amnesia
 u - 3 scrolls of fog
 x - 3 scrolls of magic mapping
 z - a scroll of teleportation
 B - a scroll of remove curse
 E - 4 scrolls of identify
 I - a scroll of recharging
 J - a scroll of fear
Potions
 g - a potion of might {unknown}
Books
 b - a book of Changes

   Spells                             Type                      Level
   a - Beastly Appendage              Transmutation                1
   b - Sticks to Snakes               Transmutation                2
   c - Spider Form                    Transmutation/Poison         3
   d - Ice Form                       Ice/Transmutation            4
   e - Blade Hands                    Transmutation                5
 c - a book of Beasts

   Spells                             Type                      Level
   a - Summon Butterflies             Summoning                    1
   b - Call Canine Familiar           Summoning                    3
   c - Summon Ice Beast               Ice/Summoning                4
   d - Summon Mana Viper              Hexes/Summoning              5
   e - Summon Hydra                   Summoning                    7
Comestibles
 f - 3 meat rations
 o - 3 royal jellies


   Skills:
 + Level 7.0(6.7) Fighting
 - Level 3.1(2.8) Axes
 + Level 8.0(7.8) Dodging
 + Level 12.1(11.8) Stealth
 + Level 3.9(3.7) Shields
 - Level 3.3(3.0) Unarmed Combat
 + Level 6.1(5.8) Spellcasting
 + Level 6.1(5.9) Transmutations
 + Level 1.7(1.5) Poison Magic
 + Level 1.6(1.4) Evocations


You had 11 spell levels left.
You knew the following spells:

 Your Spells              Type           Power        Failure   Level  Hunger
a - Beastly Appendage     Tmut           ###...       1%          1    None
b - Spider Form           Tmut/Pois      ###.......   9%          3    ##.....
c - Sticks to Snakes      Tmut           ###.....     1%          2    #......
d - Blade Hands           Tmut           ###.......   32%         5    ######.


Dungeon Overview and Level Annotations

Branches:
Dungeon (9/15)             Temple (0/1) D:7
   Lair: D:8-11         Orc: D:9-12

Altars:
Cheibriados
Dithmenos
Gozag
Hepliaklqana
Kikubaaqudgha
Makhleb
Okawaru
Qazlal
Uskayaw
Zin
The Shining One

Shops:
D:4 (   D:10 (


Innate Abilities, Weirdness & Mutations

You cannot wear most types of armour.
You are very stealthy in the water. (Stealth+)
You are amphibious.
You can wear up to eight rings at the same time.
You can use your tentacles to constrict eight enemies at once.
Your skin changes colour to match your surroundings (Stealth+).
Your rubbery body absorbs attacks. (AC +1, EV +1)


Message History

The gnoll sergeant hits you but does no damage.
You closely miss the wraith.
The wraith is moderately damaged.
You feel sick. The wraith hits you but does no damage.
You are too berserk!
You completely miss the wraith.
The wraith is moderately damaged.
The gnoll sergeant hits you but does no damage.
The wraith hits you.
* * * LOW HITPOINT WARNING * * *
The wraith drains your vigour!
You feel yourself slow down.
You slash the wraith!
The wraith is heavily damaged.
You feel less wooden.
Your +2 hat unmelds from your body.
* * * LOW HITPOINT WARNING * * *
You feel sick.
The gnoll sergeant hits you from afar with a spear!
You die...
Your body crumbles into a pile of gold.

#######
##################g....#
..........∩.....@W.....#
##################..[..#
#####..# ..... .### W.
.. ...


You could see a wraith and a gnoll sergeant.

Vanquished Creatures
  Josephine (D:10)
  A two-headed ogre (D:8)
  A cyclops (D:6)
  An ugly thing (D:10)
  2 hippogriffs (D:8)
  3 wraiths (D:10)
  7 yaks
  A wyvern (D:8)
  2 humans (D:7)
  A soldier ant (D:10)
  Duvessa (D:6)
  A black bear (D:9)
  2 orc warriors
  2 sky beasts
  2 phantoms
  A wolf (D:9)
  7 ogres
  3 centaurs (D:6)
  A big kobold (D:7)
  3 bullfrogs
  Dowan (D:6)
  A scorpion (D:5)
  4 killer bees (D:8)
  6 wights
  A howler monkey (D:5)
  A crimson imp (D:5)
  A bullfrog zombie (D:5)
  A centaur zombie (D:8)
  3 orc priests
  8 hounds
  3 bullfrog skeletons
  3 iguanas
  4 orc wizards
  9 worker ants
  A killer bee zombie (D:6)
  A hound skeleton (D:7)
  A worker ant zombie (D:5)
  4 gnolls (D:4)
  15 adders
  A shadow imp (D:5)
  A worm (D:3)
  2 dart slugs
  8 leopard geckos
  26 orcs
  2 ball pythons
  2 giant cockroaches
  9 goblins
  7 hobgoblins
  5 jackals
  A quokka (D:8)
  3 bats
  A frilled lizard (D:2)
  2 jackal skeletons
  7 kobolds
  3 rats (D:2)
  A plant (D:5)
192 creatures vanquished.

Vanquished Creatures (collateral kills)
  A phantom (D:6)
  3 wights (D:6)
  An orc (D:7)
5 creatures vanquished.

Vanquished Creatures (others)
  An orc wizard (D:7)
1 creature vanquished.

Grand Total: 198 creatures vanquished

Notes
Turn   | Place    | Note
-------+----------+-------------------------------------------
     0 | D:1      | Manul the Octopode Transmuter began the quest for the Orb.
     0 | D:1      | Reached XP level 1. HP: 13/13 MP: 3/3
   161 | D:1      | Reached XP level 2. HP: 4/18 MP: 1/5
   776 | D:2      | Reached XP level 3. HP: 8/23 MP: 6/6
  1120 | D:2      | Learned a level 3 spell: Spider Form
  1123 | D:2      | Learned a level 2 spell: Sticks to Snakes
  1540 | D:3      | Reached XP level 4. HP: 28/28 MP: 7/7
  1657 | D:3      | Reached skill level 1 in Stealth
  1863 | D:3      | Found a shadowy altar of Dithmenos.
  1940 | D:3      | Reached XP level 5. HP: 32/33 MP: 9/9
  2103 | D:3      | You fall through a shaft!
  2135 | D:4      | Reached skill level 1 in Axes
  2135 | D:4      | Reached skill level 2 in Stealth
  2329 | D:4      | Found Fyroimom's Weapon Shop.
  2362 | D:4      | Reached skill level 3 in Stealth
  2383 | D:4      | Noticed an ogre
  2394 | D:4      | Killed an ogre
  2394 | D:4      | Reached XP level 6. HP: 38/39 MP: 8/10
  2488 | D:4      | Reached skill level 4 in Stealth
  2809 | D:3      | Found a stormy altar of Qazlal.
  2812 | D:3      | Found a snail-covered altar of Cheibriados.
  2815 | D:3      | Found an opulent altar of Gozag.
  2818 | D:3      | Found a glowing silver altar of Zin.
  2841 | D:3      | Became a worshipper of Gozag Ym Sagoz the Greedy
  3101 | D:4      | Noticed a phantom
  3119 | D:4      | Killed a phantom
  3119 | D:4      | Reached XP level 7. HP: 32/45 MP: 11/11
  3298 | D:5      | Entered Level 5 of the Dungeon
  3394 | D:5      | Reached skill level 5 in Stealth
  3886 | D:5      | Found an iron altar of Okawaru.
  3913 | D:5      | Reached skill level 6 in Stealth
  4112 | D:5      | Found a hazy altar of Hepliaklqana.
  4196 | D:5      | Reached XP level 8. HP: 51/51 MP: 13/13
  4346 | D:6      | Noticed Duvessa
  4347 | D:6      | Noticed Dowan
  4355 | D:6      | Killed Duvessa
  4355 | D:6      | Reached skill level 1 in Poison Magic
  4360 | D:6      | Killed Dowan
  4360 | D:6      | Reached skill level 7 in Stealth
  4753 | D:6      | Reached skill level 8 in Stealth
  5105 | D:6      | Reached skill level 5 in Dodging
  5105 | D:6      | Reached XP level 9. HP: 22/58 MP: 12/15
  5116 | D:6      | Reached skill level 9 in Stealth
  5387 | D:6      | Found an ancient bone altar of Kikubaaqudgha.
  5459 | D:6      | Noticed a cyclops
  5467 | D:6      | Killed a cyclops
  5467 | D:6      | Reached skill level 1 in Shields
  5830 | D:6      | Reached skill level 10 in Stealth
  6520 | D:7      | Found an iron altar of Okawaru.
  6536 | D:7      | Reached skill level 5 in Transmutations
  6598 | D:7      | Found a hide-covered altar of Uskayaw.
  6599 | D:7      | Found a burning altar of Makhleb.
  6647 | D:7      | Learned a level 5 spell: Blade Hands
  6786 | D:7      | Found a glowing golden altar of the Shining One.
  6822 | D:7      | Found a staircase to the Ecumenical Temple.
  7028 | D:8      | Reached XP level 10. HP: 54/65 MP: 15/17
  7428 | D:8      | Reached skill level 5 in Fighting
  7428 | D:8      | Reached skill level 11 in Stealth
  7428 | D:8      | Reached skill level 5 in Spellcasting
  8106 | D:8      | Noticed a two-headed ogre
  8112 | D:8      | Killed a two-headed ogre
  8572 | D:9      | Reached skill level 1 in Evocations
  8982 | D:9      | Reached XP level 11. HP: 62/73 MP: 19/19
  9076 | D:9      | You fall through a shaft!
  9076 | D:10     | Entered Level 10 of the Dungeon
  9076 | D:10     | Noticed a green ugly thing
  9083 | D:10     | Killed a green ugly thing
  9088 | D:10     | Noticed a two-headed ogre
  9110 | D:10     | Reached skill level 12 in Stealth
  9345 | D:10     | Noticed Josephine
  9355 | D:10     | Upgraded the game from 0.20.0-7-g3b7b877 to 0.20.0-8-g6b59dc7
  9421 | D:10     | Killed Josephine
  9439 | D:10     | HP: 3/112 [wraith[Josephine] (8)]
  9444 | D:10     | HP: 3/168 [wraith[Josephine] (1)]
  9445 | D:10     | HP: 1/112 [poisoned by Josephine]
  9445 | D:10     | Mangled by a gnoll sergeant

Skill      XL: |  1  2  3  4  5  6  7  8  9 10 11 |
---------------+----------------------------------+-----
Stealth        | 1 3 4 6 8 10 11 12 | 12.1
Axes           | 2 3 |  3.1
Transmutations | 3 4 5 6 |  6.1
Dodging        | 3 4 5 6 7 8 |  8.0
Spellcasting   | 3 4 5 6 |  6.1
Fighting       | 2 4 6 7 |  7.0
Poison Magic   | 1 |  1.7
Shields        | 1 3 |  3.9
Evocations     | 1 |  1.6
Unarmed Combat | |  3.3

Action                   |  1- 3 |  4- 6 |  7- 9 | 10-12 || total
-------------------------+-------+-------+-------+-------++-------
Melee: Unarmed           |    40 |    19 |    16 |       ||    75
       Constrict         |    16 |    13 |    38 |    18 ||    85
       Kick              |     6 |     8 |    15 |    23 ||    52
       Tentacles         |     7 |     8 |    28 |    26 ||    69
       Punch             |     2 |       |     3 |     4 ||     9
       Hand axe          |    24 |    65 |   175 |   228 ||   492
 Cast: Beastly Appendage |     9 |     4 |    11 |    11 ||    35
       Spider Form       |       |     2 |     1 |       ||     3
       Sticks to Snakes  |       |       |     7 |     5 ||    12
Invok: Potion Petition   |       |       |       |     1 ||     1
       Call Merchant     |       |       |       |     1 ||     1
Evoke: Wand              |       |       |     1 |     6 ||     7
  Use: Scroll            |       |     1 |     7 |     5 ||    13
       Potion            |       |       |     5 |     9 ||    14
 Stab: Sleeping          |     3 |     5 |    19 |     3 ||    30
       Distracted        |     1 |       |     5 |     5 ||    11
  Eat: Chunk             |     2 |     3 |       |       ||     5
       Bread ration      |       |     1 |     3 |     1 ||     5
Armor: Skin              |     6 |    14 |    41 |    73 ||   134
Dodge: Dodged            |    40 |    58 |   108 |   138 ||   344
Block: Other             |       |    14 |    25 |    43 ||    82
